 Dungeon Crawl Stone Soup version 0.30-a0-989-g0d87f670db (webtiles) character file.

Game seed: 4543003309545879830

72 2tousent the Ruffian (level 4, -4/44 HPs)
             Began as a Troll Cinder Acolyte on Apr 3, 2023.
             Was a High Priest of Ignis.
             Killed by nerve-wracking pain
             ... invoked by Jessica
              (12 damage)
             ... on level 3 of the Dungeon.
             The game lasted 00:02:20 (1395 turns).

2tousent the Ruffian (Troll Cinder Acolyte)         Turns: 1395, Time: 00:02:20

Health: -4/44      AC:  5    Str: 24    XL:     4   Next: 6%
Magic:  4/4        EV:  9    Int: 10    God:    Ignis [*****.]
Gold:   106        SH:  0    Dex:  5    Spells: 5/5 levels left

rFire   + . .      SeeInvis .      - Unarmed
rCold   . . .      Faith    .    (no shield)
rNeg    . . .      Spirit   .    a - +1 robe
rPois   .          Reflect  .    (helmet restricted)
rElec   .          Rampage  .    (no cloak)
rCorr   .                        (gloves unavailable)
Will    .....                    (boots unavailable)
Stlth   +                        (no amulet)
HPRegen 1.07/turn                (no ring)
MPRegen 0.09/turn                (no ring)

@: slowed, very slow
A: large, unfitting armour, claws 3, regeneration 1, shaggy fur 1, tough skin 1
a: Renounce Religion, Fiery Armour, Foxfire Swarm, Rising Flame


You were on level 3 of the Dungeon.
You worshipped Ignis.
Ignis was extremely pleased with you.
You visited 1 branch of the dungeon, and saw 3 of its levels.

You collected 106 gold pieces.

Inventory:

Armour
 a - a +1 robe (worn)
Jewellery
 d - a ring of magical power
Potions
 c - a potion of ambrosia
 f - a potion of lignification
 h - 2 potions of degeneration {unknown}


   Skills:
 + Level 2.9 Fighting
 + Level 1.2 Dodging
 * Level 4.1 Unarmed Combat
 - Level 1.0 Spellcasting
 - Level 2.1 Fire Magic


You had 5 spell levels left.
You didn't know any spells.
Your spell library contained the following spells:

 Spells                   Type           Power      Damage    Failure   Level
 Scorch                   Fire           8%         2d5       22%         2


Dungeon Overview and Level Annotations

Branches:
Dungeon (3/15)

Altars:

Annotations:
D:3 Jessica


Innate Abilities, Weirdness & Mutations

You are too large for most types of armour.
You have claws for hands.
Your natural rate of healing is unusually fast.
You are covered in fur. (AC +1)
You have tough skin. (AC +1)


Message History

You miss the adder.
The adder is almost dead.
You feel sick. Jessica hits you with a +0 dagger.
* * * LOW HITPOINT WARNING * * *
The adder bites you but does no damage.
You scratch the adder but do no damage.
The adder is almost dead.
Jessica hits you but does no damage. The adder barely misses you.
You claw the adder!
You kill the adder!
You feel sick. Jessica misses you. The bat barely misses you.
Jessica barely misses you.
You have reached level 4!
You completely miss Jessica.
You feel sick. The bat closely misses you. Jessica casts a spell at you.
You feel yourself slow down.
You scratch Jessica.
Jessica is lightly wounded.
You feel sick.
You are no longer poisoned.
Jessica hits you but does no damage. The bat hits you but does no damage.
Jessica closely misses you. The bat closely misses you.
You barely miss Jessica.
Jessica is lightly wounded.
The bat barely misses you. The bat hits you but does no damage.
Jessica barely misses you. Jessica closely misses you. The bat misses you.
You completely miss Jessica.
Jessica is lightly wounded.
The bat closely misses you. Jessica hits you but does no damage.
Jessica hits you with a +0 dagger!
* * * LOW HITPOINT WARNING * * *
You closely miss Jessica.
Jessica is lightly wounded.
The bat hits you.
* * * LOW HITPOINT WARNING * * *
The bat barely misses you. Jessica barely misses you.
The bat closely misses you. Jessica casts a spell at you.
Pain shoots through your body!
You die...

# #.# ##. #.# ...
#.# .##.####.##
>.........
.........#
###......# #
/.......@##.###.#
###.....@b).....#
#....#.##)###<.#
...<....# ...
##$...... .....
......... .###.#
......... .. .#
.........#.. # .#


You could see Jessica (fast, strong) and a bat.

Vanquished Creatures
  3 adders
  A worm (D:2)
  2 dart slugs
  An orc (D:3)
  3 endoplasms (D:1)
  2 goblins
  A hobgoblin (D:2)
  6 kobolds
  3 quokkas
  4 ball pythons
  4 bats
  3 frilled lizards
  6 rats
39 creatures vanquished.

Notes
Turn   | Place    | Note
-------+----------+-------------------------------------------
     0 | D:1      | 2tousent the Troll Cinder Acolyte began the quest for the
                  | Orb.
     0 | D:1      | Reached XP level 1. HP: 22/22 MP: 1/1
   241 | D:1      | Reached XP level 2. HP: 29/29 MP: 2/2
  1036 | D:2      | Reached skill level 1 in Dodging
  1036 | D:2      | Reached XP level 3. HP: 34/36 MP: 3/3
  1354 | D:2      | Reached skill level 4 in Unarmed Combat
  1371 | D:3      | Noticed Jessica
  1391 | D:3      | Reached XP level 4. HP: 12/44 MP: 4/4
  1395 | D:3      | Killed from afar by Jessica

Illustrated notes

Levels and vault maps discovered:
D:1:      sevenhm_arrival_forest_fort_small_5, layout_loops_corners,
          serial_bayou_pond_c
D:2:      layout_rooms
D:3:      layout_loops_ring, lemuel_coloured_pillars_altar, uniq_jessica

Skill      XL: |  1  2  3 |
---------------+----------+-----
Dodging        | 1 |  1.2
Unarmed Combat | 4 |  4.1
Fighting       | |  2.9
Spellcasting   | |  1.0
Fire Magic     | |  2.1

Action                     |  1- 3 |  4- 6 || total
---------------------------+-------+-------++-------
  Melee: Unarmed           |   111 |     5 ||   116
    Use: Scroll            |     6 |       ||     6
 Armour: Robe              |    63 |     4 ||    67
  Dodge: Dodged            |    56 |    11 ||    67

Table legend: (Time is in decaauts)
 A = Elapsed time spent in this place.
 B = Non-inter-level travel time spent in this place.
 C = Inter-level travel time spent in this place.
 D = Time resting spent in this place.
 E = Time spent auto-exploring this place.
 F = Levels seen in this place.
 G = Mean time per level.
                   A        B        C        D        E       F      G
               +--------+--------+--------+--------+--------+-----+--------+
         Total |   1388 |   1303 |     85 |      0 |   1050 |   3 |  462.7 |
       Dungeon |   1388 |   1303 |     85 |      0 |   1050 |   3 |  462.7 |
               +--------+--------+--------+--------+--------+-----+--------+

Top non-repeatable levels by time:
     D:1: 997 daAuts
     D:2: 367 daAuts
     D:3: 23 daAuts
